 Dungeon Crawl Stone Soup version 0.32-a0-876-gcfddb08e57 (webtiles) character file.

Game seed: 2674789469603482581

540 funkygono the Magician (level 7, -4/36 HPs)
             Began as a Deep Elf Fire Elementalist on Apr 1, 2024.
             Slain by a gnoll
             ... wielding a +0 halberd
              (11 damage)
             ... on level 4 of the Dungeon.
             The game lasted 00:07:15 (3386 turns).

funkygono the Magician (Deep Elf Fire Elementalist) Turns: 3386, Time: 00:07:16

Health: -4/36      AC:  3    Str:  5    XL:     7   Next: 5%
Magic:  22/28      EV: 11    Int: 22    God:
Gold:   199        SH:  0    Dex: 15    Spells: 12/19 levels left

rFire   + . .        n - +1 dagger (venom)
rCold   . . .        (no shield)
rNeg    . . .        l - +1 robe {rF+}
rPois   .            (no helmet)
rElec   .            (no cloak)
rCorr   .            (no gloves)
SInv    .            (no boots)
Will    .....        (no amulet)
Stlth   ++           d - ring of flight
HPRegen 0.26/turn    f - ring of magical power
MPRegen 0.21/turn

%: no passive effects
@: flying, very slightly contaminated
A: no striking features
a: no special abilities


You were on level 4 of the Dungeon.
You visited 1 branch of the dungeon, and saw 4 of its levels.

You collected 199 gold pieces.

Inventory:

Hand Weapons
 n - a +1 dagger of venom (weapon)
Missiles
 h - 3 throwing nets
Armour
 l - a +1 robe of fire resistance (worn)
 t - the +5 robe of Misfortune {Harm *Corrode *Slow EV+5}
   (You found it on level 3 of the Dungeon)

   EV+5:      It affects your evasion (+5).
   *Corrode:  It may corrode you when you take damage.
   *Slow:     It may slow you when you take damage.
   Harm:      It increases damage dealt and taken.
Jewellery
 d - a ring of flight (left hand)
 f - a ring of magical power (right hand)
Wands
 q - a wand of polymorph (2)
Scrolls
 a - a scroll of enchant weapon {unknown}
 c - 2 scrolls of fog {unknown}
 j - 4 scrolls of identify {unknown}
 o - a scroll of immolation {unknown}
 r - a scroll of teleportation {unknown}
 s - a scroll of noise {unknown}
Potions
 b - a potion of magic
 e - a potion of brilliance {unknown}
 g - a potion of haste {unknown}
 i - a potion of heal wounds {unknown}
 k - a potion of cancellation {unknown}
 m - a potion of resistance {unknown}
 p - a potion of degeneration {unknown}


   Skills:
 + Level 2.5 Dodging
 + Level 3.0 Stealth
 + Level 6.9 Spellcasting
 + Level 3.6 Conjurations
 + Level 5.8 Fire Magic


You had 12 spell levels left.
You knew the following spells:

 Your Spells              Type           Power      Damage    Failure   Level
a - Foxfire               Conj/Fire      100%       2x1d9     1%          1
b - Scorch                Fire           66%        2d7       1%          2
c - Flame Wave            Conj/Fire      28%        2d9       12%         4

Your spell library contained the following spells:

 Spells                   Type           Power      Damage    Failure   Level
 Inner Flame              Hex/Fire       20%        N/A       8%          3
 Volatile Blastmotes      Fire/Tloc      40%        2d13      8%          3
 Summon Small Mammal      Summ           28%        N/A       9%          1
 Call Canine Familiar     Summ           7%         N/A       26%         3
 Summon Blazeheart Golem  Fire/Summ      20%        N/A       26%         4


Dungeon Overview and Level Annotations

Branches:
Dungeon (4/15)
 Temple: D:4-7

Altars:
Elyvilon
Nemelex Xobeh

Shops:
D:1 !   D:3 :


Message History

There are monsters nearby!
Casting: Foxfire (safe; 1% risk of failure)
Confirm with . or Enter, or press ? or * to list all spells.
You conjure some foxfire!
The kobold shouts!
The gnoll barely misses you.
Casting: Foxfire (safe; 1% risk of failure)
Confirm with . or Enter, or press ? or * to list all spells.
You conjure some foxfire!
The foxfire hits the kobold.
You kill the kobold!
The foxfire hits the gnoll.
The gnoll is lightly wounded.
The gnoll hits you from afar with a +0 halberd!
Casting: Foxfire (safe; 1% risk of failure)
Confirm with . or Enter, or press ? or * to list all spells.
You miscast Scorch.
You are very lightly contaminated with residual magic.
Nothing appears to happen.
The foxfire hits the gnoll.
The gnoll is moderately wounded.
The foxfire hits the gnoll!
The gnoll is almost dead.
The gnoll hits you from afar with a +0 halberd.
The gnoll hits you with a +0 club.
Casting: Scorch (safe; 1% risk of failure)
Confirm with . or Enter, or press ? or * to list all spells.
You conjure some foxfire!
The gnoll hits you with a +0 whip of pain.
You writhe in agony.
The gnoll closely misses you. x2; The gnoll misses you.
Casting: Foxfire (safe; 1% risk of failure)
Confirm with . or Enter, or press ? or * to list all spells.
Flames lash the gnoll.
You kill the gnoll!
The foxfire hits the gnoll.
The gnoll is lightly wounded.
The foxfire hits the gnoll!
The gnoll is severely wounded.
The gnoll hits you with a +0 whip of pain!
* * * LOW HITPOINT WARNING * * *
The gnoll hits you from afar with a +0 halberd!
You die...

##....#
##.....##
##.......#
##........##
##..........##
#............##
#.....§.gg....#
#.....§@)......
........g......
.............#.
........=....#
.)...........#
.............#
#...........##
.########.###


You could see 3 gnolls.

Vanquished Creatures
  Sigmund (D:2)
  A centaur (D:3)
  A bombardier beetle (D:3)
  Jessica (D:2)
  Natasha (thrice) (D:3)
  An orc wizard (D:3)
  2 adders (D:2)
  5 gnolls
  A ribbon worm (D:2)
  A dart slug (D:1)
  8 orcs (D:3)
  An endoplasm (D:1)
  4 giant cockroaches
  7 goblins
  9 hobgoblins
  2 jackals (D:1)
  7 kobolds
  3 quokkas
  7 ball pythons
  A bat (D:2)
  11 frilled lizards
  4 rats
81 creatures vanquished.

Vanquished Creatures (collateral kills)
  3 foxfires (D:2)
3 creatures vanquished.

Vanquished Creatures (others)
  221 foxfires
221 creatures vanquished.

Grand Total: 305 creatures vanquished

Notes
Turn   | Place    | Note
-------+----------+-------------------------------------------
     0 | D:1      | funkygono the Deep Elf Fire Elementalist began the quest
                  | for the Orb.
     0 | D:1      | Reached XP level 1. HP: 10/10 MP: 6/6
   233 | D:1      | Found Lennyg Tavie's Distillery.
   236 | D:1      | Reached XP level 2. HP: 15/15 MP: 6/8
   239 | D:1      | Learned a level 2 spell: Scorch
   944 | D:2      | Found a sparkling altar of Nemelex Xobeh.
  1020 | D:2      | Reached XP level 3. HP: 19/19 MP: 10/10
  1206 | D:2      | Reached skill level 4 in Spellcasting
  1209 | D:2      | Reached XP level 4. HP: 24/24 MP: 7/12
  1415 | D:2      | Noticed Sigmund
  1416 | D:2      | Noticed Jessica
  1432 | D:2      | Killed Jessica
  1443 | D:2      | Killed Sigmund
  1444 | D:2      | Reached skill level 5 in Spellcasting
  1444 | D:2      | Reached skill level 5 in Fire Magic
  1444 | D:2      | Reached XP level 5. HP: 16/28 MP: 7/15
  1444 | D:2      | Reached XP level 6. HP: 18/32 MP: 7/16
  1482 | D:2      | Learned a level 4 spell: Flame Wave
  2187 | D:3      | Identified the +3 rapier of Irritation {antimagic, rN+
                  | rCorr Int-2 Dex+4}
  2197 | D:3      | Reached skill level 6 in Spellcasting
  2399 | D:3      | Found Faisk's Book Shoppe.
  2476 | D:3      | Noticed Natasha
  2479 | D:3      | Killed Natasha
  2553 | D:3      | Found a white marble altar of Elyvilon.
  2582 | D:3      | Noticed Natasha
  2585 | D:3      | Killed Natasha
  2654 | D:3      | Noticed Natasha
  2657 | D:3      | Killed Natasha
  2742 | D:3      | Reached XP level 7. HP: 34/36 MP: 19/19
  3021 | D:3      | Found the +5 robe of Misfortune {Harm *Corrode *Slow EV+5}
  3386 | D:4      | Slain by a gnoll

Illustrated notes

Levels and vault maps discovered:
D:1:      psy_arrival_statuary, layout_basic, serial_shops, shop
D:2:      cheibrodos_greedy_goblins, layout_loops_ring, basic_altar,
          chequers_serial_rivers_micro_d, chequers_serial_rivers_small_3,
          dreamdust_mushroom_princess, uniq_jessica, uniq_sigmund
D:3:      layout_basic, elyvilon_altar_5, serial_shops, shop_fountains,
          uniq_natasha
D:4:      layout_cave_pods, nicolae_overflow_crystal_walls,
          mainiacjoe_overflow_brackets, corner_web_ring, uniq_blork_the_orc

Skill      XL: |  1  2  3  4  5  6 |
---------------+-------------------+-----
Fire Magic     | 4 5 |  5.8
Spellcasting   | 4 5 6 |  6.9
Conjurations   | 2 3 |  3.6
Stealth        | 3 |  3.0
Dodging        | |  2.5

Action                     |  1- 3 |  4- 6 |  7- 9 || total
---------------------------+-------+-------+-------++-------
  Melee: Short sword       |     1 |     1 |       ||     2
   Cast: Foxfire           |    42 |    75 |    11 ||   128
         Scorch            |     7 |    17 |     1 ||    25
 Armour: Robe              |     2 |     8 |     6 ||    16
  Dodge: Dodged            |     2 |     9 |     4 ||    15

Table legend: (Time is in decaauts)
 A = Elapsed time spent in this place.
 B = Non-inter-level travel time spent in this place.
 C = Inter-level travel time spent in this place.
 D = Time resting spent in this place.
 E = Time spent auto-exploring this place.
 F = Levels seen in this place.
 G = Mean time per level.
                   A        B        C        D        E       F      G
               +--------+--------+--------+--------+--------+-----+--------+
         Total |   3383 |   3190 |    193 |     12 |   2745 |   4 |  845.8 |
       Dungeon |   3383 |   3190 |    193 |     12 |   2745 |   4 |  845.8 |
               +--------+--------+--------+--------+--------+-----+--------+

Top non-repeatable levels by time:
     D:3: 1222 daAuts
     D:2: 1215 daAuts
     D:1: 940 daAuts
     D:4: 4 daAuts
